 Dungeon Crawl Stone Soup version 0.28.0-45-g0d030f2227 (webtiles) character file.

Game seed: 10202744808480527372

31 101zpm the Magician (level 3, -1/25 HPs)
             Began as a Djinni Ice Elementalist on Apr 10, 2022.
             Slain by a gnoll shaman
             ... wielding a +0 whip
              (3 damage)
             ... on level 2 of the Dungeon.
             The game lasted 00:03:52 (1688 turns).

101zpm the Magician (Djinni Ice Elementalist)       Turns: 1688, Time: 00:03:53

Health: -1/25      AC:  2    Str:  7    XL:     3   Next: 40%
Gold:   43         EV: 12    Int: 18    God:
                   SH:  0    Dex: 13

rFire   + + .      SeeInvis .   (no weapon)
rCold   x . .      Faith    .   (no shield)
rNeg    . . .      Spirit   .   a - +0 robe
rPois   ∞          Reflect  .   (no helmet)
rElec   .          Harm     .   (no cloak)
rCorr   .          Rampage  .   (no gloves)
Will    .....                   (boots unavailable)
Stlth   ++........              (no amulet)
HPRegen 0.08/turn               (no ring)
MPRegen 0.00/turn               (no ring)

@: flying, slowed, very slow
A: sickness immunity, fire resistance 2, cold vulnerability 1, float, innate
caster, HP casting, extra vitality 1
a: no special abilities


You were on level 2 of the Dungeon.
You visited 1 branch of the dungeon, and saw 3 of its levels.

You collected 43 gold pieces.

Inventory:

Armour
 a - a +0 robe (worn)
Scrolls
 f - a scroll of teleportation {unknown}
 g - a scroll of vulnerability {unknown}
 h - a scroll of identify {unknown}
 i - a scroll of silence {unknown}
Potions
 b - a potion of mutation {unknown}
 c - a potion of brilliance {unknown}
 d - 2 potions of flight {unknown}
 e - 2 potions of magic {unknown}


   Skills:
 + Level 2.2 Dodging
 + Level 1.6 Stealth
 + Level 3.9 Spellcasting


You couldn't memorise any spells.
You knew the following spells:

 Your Spells              Type           Power      Damage    Failure   Level
a - Freeze                Ice            68%        1d8       3%          1
b - Frozen Ramparts       Ice            34%        1d5       9%          3
c - Ozocubu's Armour      Ice            17%        N/A       9%          3
d - Hailstorm             Conj/Ice       17%        3d6       28%         4
e - Sandblast             Erth           34%        2d9       3%          1
Your spell library was empty.

Dungeon Overview and Level Annotations

Branches:
Dungeon (3/15)

Altars:

Annotations:
D:2 Natasha


Innate Abilities, Weirdness & Mutations

You are immune to sickness and miasma.
You are immune to poison.
Your flesh is very heat resistant. (rF++)
You are vulnerable to cold. (rC-)
You float through the air rather than walking.
You learn spells naturally, not from books.
Your magical power is your life essence.
You have superior vitality. (+4 MHP)


Message History

A gnoll comes into view. It is wielding a +0 flail.
Found 22 arrows and 19 sling bullets.
The gnoll shaman shouts!
The gnoll shouts!
You hear an angry hiss.
An orc comes into view. It is wielding a +0 flail.
Aiming: Freeze (safe; 3% risk of failure)
Press: ? - help, Q - select action, (/) - cycle Shift-Dir - straight line, f - quokka
Aim: a quokka You freeze the quokka!
You kill the quokka!
A ball python comes into view.
An orc comes into view. It is wielding a +0 dagger.
Found a scroll labelled UDOFAV UGO.
A nearby plant withers and dies.
An orc comes into view. It is wielding a +0 dagger.
A hobgoblin comes into view.
There is a stone staircase leading up here.
You see here a quokka corpse.
The hobgoblin hits the plant.
The plant begins to die.
The gnoll barely misses you.
The gnoll shaman hits you with a +0 whip.
The gnoll hits you from afar with a +0 halberd!
The gnoll closely misses you.
You fly upwards.
Level annotation: Natasha
There is a stone staircase leading down here.
Aiming: Freeze (safe; 3% risk of failure)
Press: ? - help, Q - select action, (/) - cycle Shift-Dir - straight line, f - gnoll shaman
Aim: a gnoll shaman, wielding a +0 whip and wearing a +2 leather armour of poison resistance You freeze the gnoll shaman.
The gnoll shaman is lightly wounded.
The gnoll shaman misses you.
The gnoll shaman hits you with a +0 whip.
* * * LOW HITPOINT WARNING * * *
Aiming: Freeze (safe; 3% risk of failure)
Press: ? - help, Q - select action, (/) - cycle Shift-Dir - straight line, f/p - gnoll shaman
Aim: a gnoll shaman, wielding a +0 whip and wearing a +2 leather armour of poison resistance You freeze the gnoll shaman!
The gnoll shaman is heavily wounded.
* * * LOW HITPOINT WARNING * * *
The gnoll shaman hits you with a +0 whip.
You die...

#.....# ##.....## #.# .#
#.##### ##...## #.# #+#
#.# #.# #.# #.# #.# ##.##
#.# ##...### #.#
#######..g...# #.#
#.....#.@..#.#
#.####.###.#.#.##.#######.
#........#.#.#............
######.#........#.########
#.###.#.♣.##.# #.#
#.#♣.♣##.###
#.###.♣♣.♣.....#
#.....♣..♣##♣#.#
######♣.♣♣ ♣♣..#######


You could see a gnoll shaman.

Vanquished Creatures
  A dart slug (D:1)
  A bat (D:1)
  2 endoplasms (D:1)
  2 giant cockroaches (D:1)
  5 goblins (D:1)
  2 hobgoblins (D:1)
  2 jackals (D:1)
  4 quokkas
  3 ball pythons (D:1)
  A frilled lizard (D:1)
  2 kobolds (D:1)
25 creatures vanquished.

Vanquished Creatures (others)
  2 plants (D:3)
2 creatures vanquished.

Grand Total: 27 creatures vanquished

Notes
Turn   | Place    | Note
-------+----------+-------------------------------------------
     0 | D:1      | 101zpm the Djinni Ice Elementalist began the quest for the
                  | Orb.
     0 | D:1      | Reached XP level 1. HP: 15/15 MP: 0/0
   238 | D:1      | Reached XP level 2. HP: 19/21 MP: 0/0
   902 | D:1      | Reached XP level 3. HP: 15/25 MP: 0/0
   902 | D:1      | Learned a level 1 spell: Sandblast
  1549 | D:2      | Found a faded altar of an unknown god.
  1669 | D:2      | Noticed Natasha
  1688 | D:2      | Slain by a gnoll shaman

Illustrated notes

Levels and vault maps discovered:
D:1:      shiori_angband_town, layout_rooms, minmay_hedge_maze,
          grunt_decor_junction
D:2:      layout_loops_corners, shapermc_ecumenical_altar_totnotflames,
          serial_shops, nicolae_shop_stone, uniq_natasha
D:3:      layout_basic, nemelex_dance_club_becter, cheibrodos_sewer_entry_drain,
          hangedman_abyss_or_decor_stabs, nicolae_grassy_gnolls, uniq_jessica

Action                   || total
-------------------------++-------
Melee: Unarmed           ||     5
 Cast: Freeze            ||    45
 Stab: Sleeping          ||     1
Armor: Robe              ||     3
Dodge: Dodged            ||    24
